 Dungeon Crawl Stone Soup version 0.18.1-50-g88ac8fd (webtiles) character file.

130 go0n the Poker (level 5, -3/41 HPs)
             Began as a Merfolk Skald on Sept 14, 2016.
             Was an Initiate of Nemelex Xobeh.
             Killed from afar by Sigmund (7 damage)
             ... with a puff of flame
             ... on level 3 of the Dungeon.
             The game lasted 00:20:39 (2266 turns).

go0n the Poker (Merfolk Skald)                      Turns: 2266, Time: 00:20:41

Health: -3/41      AC: 11    Str: 11 (12) XL:     5   Next: 14%
Magic:  8/8        EV:  5    Int: 13 (15) God:    Nemelex Xobeh [......]
Gold:   137        SH:  0    Dex: 14      Spells: 0 memorised, 8 levels left

rFire  . . .     SeeInvis .     i - +0 spear
rCold  . . .     Gourm    .     p - +1 chain mail
rNeg   . . .     Faith    .     (no shield)
rPois  .         Spirit   .     (no helmet)
rElec  .         Dismiss  .     j - +0 cloak
rCorr  .         Reflect  .     o - +0 pair of gloves
SustAt .         Harm     .     (no boots)
MR     .....                    (no amulet)
Stlth  ..........               (no ring)
                                r - +3 ring of intelligence

@: not resistant to hostile enchantments, extremely unstealthy
A: change form in water, swift swim
a: Renounce Religion


You were on level 3 of the Dungeon.
You worshipped Nemelex Xobeh.
Nemelex Xobeh was noncommittal.
You were not hungry.

You visited 1 branch of the dungeon, and saw 3 of its levels.

You collected 137 gold pieces.

Inventory:

Hand Weapons
 a - a +0 spear
 b - a +4 falchion
 d - a +0 hand crossbow
 i - a +0 spear (weapon)
Missiles
 g - 6 poisoned needles
 n - 3 needles of confusion
 s - 6 tomahawks (quivered)
Armour
 j - a +0 cloak (worn)
 o - a +0 pair of gloves (worn)
 p - a +1 chain mail (worn)
Jewellery
 r - a +3 ring of intelligence (left hand)
Scrolls
 e - a scroll of random uselessness {unknown}
 l - a scroll of identify
Potions
 t - a potion of degeneration
Books
 c - a book of Battle

   Spells                             Type                      Level
   a - Infusion                       Charms                       1
   b - Shroud of Golubria             Charms/Translocation         2
   c - Song of Slaying                Charms                       2
   d - Spectral Weapon                Hexes/Charms                 3
   e - Regeneration                   Charms/Necromancy            3
Miscellaneous
 h - a plain deck of war {drawn: 2}
Comestibles
 f - 3 chunks of flesh


   Skills:
 + Level 3.2 Fighting
 * Level 4.8 Polearms
 - Level 1.2 Armour
 - Level 3.1 Dodging
 + Level 2.2 Spellcasting
   Level 3.5 Charms


You had 8 spell levels left.
You didn't know any spells.

Dungeon Overview and Level Annotations

Branches:
Dungeon (3/15)

Altars:
Fedhas
Gozag
Nemelex Xobeh

Annotations:
D:3 Sigmund


Message History

Sigmund hits you but does no damage.
You hit Sigmund but do no damage.
Sigmund is almost dead.
You closely miss Sigmund.
Sigmund is almost dead.
Sigmund hits you with a scythe.
* * * LOW HITPOINT WARNING * * *
You hit Sigmund.
Sigmund is almost dead.
Sigmund screams, "Die, monster!"
Sigmund hits you with a scythe.
* * * LOW HITPOINT WARNING * * *
You closely miss Sigmund.
Sigmund is almost dead.
You hit Sigmund but do no damage.
Sigmund is almost dead.
Sigmund points at you and mumbles some strange words.
The puff of flame hits you!
You die...
Your body disappears without a glow.

##...##......#........,,**,******
.....†.......#.......*****,*
##..........)...>..######*,*
...#...####..............,,*
..<#.................#******
...####..............#****
...####..)..######.#.....#
............#......#####.#
#*#.....#####...@........#
#.....* #....@.####### #.....*
#......# #....,* #......# #####**
########


You could see Sigmund.

Vanquished Creatures
  2 adders (D:3)
  2 oozes
  2 worms
  2 dart slugs (D:2)
  2 giant geckos
  10 orcs (D:3)
  2 giant cockroaches (D:1)
  10 goblins
  8 hobgoblins
  9 jackals (D:2)
  2 quokkas (D:2)
  5 bats
  A giant newt (D:1)
  10 kobolds
  6 rats
73 creatures vanquished.

Notes
Turn   | Place    | Note
--------------------------------------------------------------
     0 | D:1      | go0n the Merfolk Skald began the quest for the Orb.
     0 | D:1      | Reached XP level 1. HP: 16/16 MP: 3/3
   224 | D:1      | Reached XP level 2. HP: 15/23 MP: 5/5
   603 | D:2      | Reached XP level 3. HP: 28/28 MP: 6/6
   735 | D:2      | Found a blossoming altar of Fedhas.
   735 | D:2      | Found an opulent altar of Gozag.
  1197 | D:2      | Reached XP level 4. HP: 6/34 MP: 7/7
  1491 | D:2      | Reached skill level 1 in Armour
  1762 | D:3      | Reached skill level 4 in Polearms
  1999 | D:3      | Reached XP level 5. HP: 10/41 MP: 8/8
  2095 | D:3      | Found a sparkling altar of Nemelex Xobeh.
  2103 | D:3      | Became a worshipper of Nemelex Xobeh the Trickster
  2135 | D:3      | Received a gift from Nemelex Xobeh
  2224 | D:3      | Noticed Sigmund
  2266 | D:3      | Killed from afar by Sigmund

Skill      XL: |  1  2  3  4 |
---------------+-------------+-----
Dodging        | 2 3 |  3.1
Armour         | 1 |  1.2
Fighting       | 3 |  3.2
Polearms       | 4 |  4.8
Spellcasting   | |  2.2
Charms         | |  3.5

Action                   |  1- 3 |  4- 6 || total
-------------------------+-------+-------++-------
Melee: Spear             |   203 |   210 ||   413
Throw: Tomahawk          |       |     1 ||     1
Evoke: Deck              |       |     2 ||     2
  Use: Potion            |     5 |     3 ||     8
       Scroll            |     3 |     6 ||     9
  Eat: Chunk             |     1 |       ||     1
       Bread ration      |       |     1 ||     1
Armor: Ring mail         |    30 |     3 ||    33
       Leather armour    |     2 |       ||     2
       Scale mail        |    48 |       ||    48
       Skin              |     8 |       ||     8
       Chain mail        |    51 |   135 ||   186
Dodge: Dodged            |   116 |    53 ||   169
